 Dungeon Crawl Stone Soup version 0.26-a0-58-g79b31b8662 (webtiles) character file.

Game seed: 2266213710404762617

117 Ozzies the Skirmisher (level 5, 0/36 HPs)
             Began as a Gargoyle Fighter on June 8, 2020.
             Slain by Robin
             ... wielding a +0 mace
              (5 damage)
             ... on level 2 of the Dungeon.
             The game lasted 00:04:08 (1907 turns).

Ozzies the Skirmisher (Gargoyle Fighter)            Turns: 1907, Time: 00:04:10

Health: 0/36       AC: 10    Str: 21    XL:     5   Next: 1%
Magic:  5/5        EV:  7    Int:  8    God:
Gold:   33         SH:  9    Dex:  9    Spells: 4/4 levels left

rFire    . . .     SeeInvis .   a - +1 flail
rCold    . . .     Gourm    .   c - +0 kite shield
rNeg     + . .     Faith    .   b - +0 scale mail
rPois    ∞         Spirit   .   (no helmet)
rElec    +         Reflect  .   (no cloak)
rCorr    .         Harm     .   (no gloves)
MR       .....                  (no boots)
Stlth    ..........             n - amulet of inaccuracy (curse)
HPRegen  0.12/turn              (no ring)
MPRegen  0.09/turn              (no ring)

@: no status effects
A: negative energy resistance 1, electricity resistance, unbreathing,
petrification resistance, rot immunity, AC +4
a: no special abilities


You were on level 2 of the Dungeon.
You were hungry.

You visited 1 branch of the dungeon, and saw 2 of its levels.

You collected 33 gold pieces.

Inventory:

Hand Weapons
 a - a +1 flail (weapon)
Armour
 b - a +0 scale mail (worn)
 c - a +0 kite shield (worn)
Jewellery
 h - an uncursed amulet of the acrobat
 l - an uncursed amulet of regeneration
 n - a cursed amulet of inaccuracy (around neck)
Wands
 g - a wand of acid (4)
Potions
 d - a potion of might
 i - a potion of curing {unknown}
 k - a potion of flight
 m - a potion of degeneration {unknown}
 o - a potion of mutation {unknown}
Comestibles
 f - 5 rations


   Skills:
 + Level 6.1 Fighting
 - Level 2.0 Maces & Flails
 - Level 3.2 Armour
 - Level 3.2 Shields


You had 4 spell levels left.
You didn't know any spells.
Your spell library was empty.

Dungeon Overview and Level Annotations

Branches:
Dungeon (2/15)

Altars:
Makhleb
Sif Muna

Annotations:
D:2 Natasha, Robin


Innate Abilities, Weirdness & Mutations

You are resistant to torment.
Your stone body is resilient. (AC +4)
You are immune to poison.
You resist negative energy. (rN+)
You are resistant to electric shocks. (rElec)
You can survive without breathing.
You are immune to petrification.
You are immune to rotting.


Message History

You hit Robin but do no damage.
Robin is almost dead.
The goblin hits you but does no damage.
Robin says, "A pitiful Gargoyle like you will never find the ORB!"
You block Robin's attack.
Your shield prevents you from hitting Robin.
Robin is almost dead.
The goblin hits you but does no damage. Robin hits you but does no damage.
The goblin hits you but does no damage.
You hit Robin but do no damage.
Robin is almost dead.
You block Robin's attack. You block the goblin's attack.
You closely miss Robin.
Robin is almost dead.
Robin roars a battlecry!
The goblin goes into a battle-frenzy!
The goblin closely misses you.
Robin says, "My army is invincible!"
Robin hits you with a +0 mace.
You die...

#.........#.....#.# # .
#.........#.....#.# # ...
#.........#.....#.# #
.....####.........#.....#)#
#
......g..g..........>...#.#
#
.#.###g#####§##########.#(#
# g.. #§##########.#(# #
...gg #g#..........#(###
###..g #@#.########...(..
g..g #g#.# #...........
...#. #w#.# #.####......
#...#. #.#.###.#..#......
#.#...#.#..#......
#.###.#.#..#...... #.#
#.#.#..#...... #.#
#.#.#†<#...... #.#
#.#.##.#.....†


You could see a worm, Robin and a goblin (strong).

Vanquished Creatures
  A hound (D:2)
  Terence (D:2)
  An adder (D:2)
  An ooze (D:2)
  2 worms (D:2)
  A dart slug (D:1)
  3 leopard geckos
  9 goblins (D:2)
  5 hobgoblins
  A ball python (D:1)
  2 bats
  A frilled lizard (D:1)
  7 kobolds
  4 rats
39 creatures vanquished.

Notes
Turn   | Place    | Note
-------+----------+-------------------------------------------
     0 | D:1      | Ozzies the Gargoyle Fighter began the quest for the Orb.
     0 | D:1      | Reached XP level 1. HP: 14/14 MP: 1/1
   286 | D:1      | Reached XP level 2. HP: 20/20 MP: 2/2
   304 | D:1      | Reached skill level 4 in Fighting
  1043 | D:2      | Reached skill level 5 in Fighting
  1043 | D:2      | Reached XP level 3. HP: 16/26 MP: 3/3
  1238 | D:2      | Found a shimmering blue altar of Sif Muna.
  1271 | D:2      | Found a burning altar of Makhleb.
  1348 | D:2      | Reached XP level 4. HP: 15/31 MP: 4/4
  1549 | D:2      | Noticed Natasha
  1588 | D:2      | Noticed Terence
  1597 | D:2      | Killed Terence
  1838 | D:2      | Noticed Robin
  1859 | D:2      | Reached skill level 6 in Fighting
  1893 | D:2      | Reached XP level 5. HP: 11/36 MP: 5/5
  1907 | D:2      | Slain by Robin

Illustrated notes

Levels and vault maps discovered:
D:1:      minmay_arrival_diagonal_passages, layout_rooms
D:2:      layout_basic, lemuel_blue_sif_altar, first_ration,
          makhleb_blood_cavern_becter, uniq_natasha, uniq_robin, uniq_terence

Skill      XL: |  1  2  3  4 |
---------------+-------------+-----
Fighting       | 5 6 |  6.1
Maces & Flails | |  2.0
Armour         | |  3.2
Shields        | |  3.2

Action                   |  1- 3 |  4- 6 || total
-------------------------+-------+-------++-------
Melee: Flail             |   160 |    98 ||   258
  Use: Scroll            |     5 |     2 ||     7
       Potion            |       |     1 ||     1
  Eat: Chunk             |     1 |     2 ||     3
Armor: Scale mail        |    90 |    71 ||   161
Dodge: Dodged            |    44 |    33 ||    77
Block: Kite shield       |    92 |    68 ||   160

Table legend:
 A = Non-vault XP
 B = Vault XP
 C = Vault XP percentage of total XP
 D = Non-vault monster count
 E = Vault monster count
 F = Vault count percentage of total count
                 A         B        C        D         E       F
            +---------+---------+-------+---------+---------+-------
      Total |      68 |     100 |  59.5 |      27 |      12 |  30.8
            +---------+---------+-------+---------+---------+-------
        D:1 |      22 |       0 |   0.0 |      13 |       0 |   0.0
        D:2 |      46 |     100 |  68.5 |      14 |      12 |  46.2
            +---------+---------+-------+---------+---------+-------
